 Dungeon Sprint DCSS version 0.27-a0-277-g024f7ef292 (webtiles) character file.

Game seed: 11747551224245556690

59 mhtbhm the Skirmisher (level 3, -13/55 HPs)
             Began as a Minotaur Fighter on Feb 7, 2021.
             Mangled by a wyvern (17 damage)
             ... in the Dungeon (Sprint VII: "The Pits").
             The game lasted 00:00:13 (28 turns).

mhtbhm the Skirmisher (Minotaur Fighter)              Turns: 28, Time: 00:00:14

Health: -13/55     AC:  7    Str: 21    XL:     3   Next: 78%
Magic:  2/2        EV:  8    Int:  5    God:
Gold:   0          SH: 10    Dex:  9    Spells: 2/2 levels left

rFire    . . .     SeeInvis .   a - +0 war axe
rCold    . . .     Faith    .   c - +0 kite shield
rNeg     . . .     Spirit   .   b - +0 scale mail
rPois    .         Reflect  .   (helmet restricted)
rElec    .         Harm     .   (no cloak)
rCorr    .         Rampage  .   (no gloves)
Will     .....     NoTele   +   (no boots)
Stlth    ..........             (no amulet)
HPRegen  0.18/turn              (no ring)
MPRegen  0.08/turn              (no ring)

@: berserking (expiring), very quick
A: retaliatory headbutt, horns 2
a: no special abilities


You were in the Dungeon.
You visited 1 branch

Inventory:

Hand Weapons
 a - a +0 war axe (weapon)
Armour
 b - a +0 scale mail (worn)
 c - a +0 kite shield (worn)
Scrolls
 j - a scroll of blinking
Potions
 d - a potion of might
 e - a potion of curing
 f - a potion of heal wounds
 g - a potion of haste
 h - 2 potions of magic


   Skills:
 + Level 6.2 Fighting
 + Level 3.6 Axes
 + Level 6.0 Armour
 + Level 6.0 Shields


You had 2 spell levels left.
You didn't know any spells.
Your spell library was empty.

Dungeon Overview and Level Annotations

Branches:
Dungeon (1/1)

Altars:


Innate Abilities, Weirdness & Mutations

You reflexively headbutt those who attack you in melee.
You have a pair of horns on your head.


Message History

The wyvern bites you but does no damage.
The wyvern bites you!
* * * LOW HITPOINT WARNING * * *
You barely miss the wyvern.
The wyvern is almost dead.
The wyvern bites you.
* * * LOW HITPOINT WARNING * * *
You barely miss the wyvern. Your headbutt misses the wyvern.
The wyvern is almost dead.
The wyvern bites you.
* * * LOW HITPOINT WARNING * * *
The wyvern bites you.
* * * LOW HITPOINT WARNING * * *
You barely miss the wyvern.
The wyvern is almost dead.
You block the wyvern's attack.
You closely miss the wyvern.
The wyvern is almost dead.
The wyvern bites you!
You die...

##########++######
#................#
#......#..#......#
#................+
+................+
#......#..#......#
#................#
####'#####'@######
#.......##l†#
#.......##..##
#.......##...#
#...<...###...#
#.......# ##.....
#.......# ..###+#
#.......# .##
######### .Z


You could see a wyvern.

Vanquished Creatures
  A bullfrog (D)
  A giant cockroach zombie (D)
2 creatures vanquished.

Notes
Turn   | Place    | Note
-------+----------+-------------------------------------------
     0 | D        | mhtbhm the Minotaur Fighter began the quest for the Orb.
     0 | D        | Reached XP level 1. HP: 19/19 MP: 0/0
    16 | D        | Noticed a bullfrog
    16 | D        | Noticed a wyvern
    22 | D        | Killed a bullfrog
    23 | D        | Reached XP level 2. HP: 18/30 MP: 1/1
    23 | D        | Reached XP level 3. HP: 22/37 MP: 2/2
    28 | D        | Mangled by a wyvern

Illustrated notes

Levels and vault maps discovered:
D:        pitsprint [storerooms_1, entrance_room_1, metal_vault_5, armoury_1,
          mini_pit_1, grid_room_1, main_hall_1, silver_pit, the_coven_2,
          the_vestibule_1, steel_vault_1, golden_pit, hallway_of_sentries,
          crystal_vault_5, iron_vault_4, final_vault]

Skill      XL: |  1 |
---------------+----+-----
Fighting       | 6 |  6.2
Axes           | 3 |  3.6
Armour         | 6 |  6.0
Shields        | 6 |  6.0

Action                   || total
-------------------------++-------
Melee: War axe           ||     8
       Headbutt          ||     1
  Use: Potion            ||     1
Armor: Scale mail        ||     2
Block: Kite shield       ||     4

Table legend: (Time is in decaauts)
 A = Elapsed time spent in this place.
 B = Non-inter-level travel time spent in this place.
 C = Inter-level travel time spent in this place.
 D = Time resting spent in this place.
 E = Time spent auto-exploring this place.
 F = Levels seen in this place.
 G = Mean time per level.
                   A        B        C        D        E       F      G
               +--------+--------+--------+--------+--------+-----+--------+
         Total |     28 |     28 |      0 |      0 |     16 |   1 |   28.0 |
       Dungeon |     28 |     28 |      0 |      0 |     16 |   1 |   28.0 |
               +--------+--------+--------+--------+--------+-----+--------+

Top non-repeatable levels by time:
       D: 28 daAuts
